 Dungeon Sprint DCSS version 0.31-a0-1144-g99969ba1bc (webtiles) character file.

Game seed: 7730377860267487359

50 zero the Vexing (level 3, 0/17 HPs)
             Began as a Spriggan Enchanter on Dec 6, 2023.
             Drowned by a water elemental (7 damage)
             ... in the Dungeon (Sprint III: "The Ten Rune Challenge").
             The game lasted 00:02:44 (528 turns).

zero the Vexing (Spriggan Enchanter)                 Turns: 528, Time: 00:02:44

Health: 0/17       AC:  2    Str:  4    XL:     3   Next: 55%
Magic:  8/8        EV: 20    Int: 18    God:
Gold:   22         SH:  0    Dex: 15    Spells: 3/8 levels left

rFire   . . .        a - +1 dagger
rCold   . . .        (no shield)
rNeg    . . .        b - +0 robe
rPois   .            (helmet restricted)
rElec   .            (no cloak)
rCorr   .            (gloves unavailable)
SInv    +            (boots unavailable)
Will    .....        (no amulet)
Stlth   +++          (no ring)
HPRegen 0.22/turn    (no ring)
MPRegen 0.11/turn

%: no teleportation
@: engulfed (cannot breathe), hasted, very quick
A: very small, no large weapons, unfitting armour, see invisible, speed 3
a: no special abilities


You were in the Dungeon.
You visited 1 branch You collected 22 gold pieces.

Inventory:

Hand Weapons
 a - a +1 dagger (weapon)
Armour
 b - a +0 robe (worn)
Scrolls
 i - a scroll of blinking
 k - a scroll of identify
Potions
 c - 2 potions of invisibility
 g - 2 potions of magic
 l - 3 potions of mutation
 m - 3 potions of enlightenment
 o - a potion of ambrosia


   Skills:
 + Level 0.7 Fighting
 + Level 1.7 Short Blades
 + Level 6.5 Dodging
 - Level 4.4 Stealth
 + Level 3.0 Spellcasting
 * Level 6.7 Hexes
 + Level 0.6 Ice Magic


You had 3 spell levels left.
You knew the following spells:

 Your Spells              Type           Power      Damage    Failure   Level
a - Ensorcelled Hibernat  Hex/Ice        32%        N/A       5%          2
b - Confusing Touch       Hex            27%        N/A       3%          3

Your spell library contained the following spells:

 Spells                   Type           Power      Damage    Failure   Level
 Tukima's Dance           Hex            27%        N/A       3%          3
 Dazzling Flash           Conj/Hex       28%        N/A       12%         3


Dungeon Overview and Level Annotations

Branches:
Dungeon (1/1)

Altars:


Innate Abilities, Weirdness & Mutations

You are very small and have problems with some larger weapons.
You are too small for most types of armour.
You have supernaturally acute eyesight. (SInv)
You cover ground extremely quickly. (Speed+++)


Message History

The human is heavily wounded.
The human misses you.
You catch the helpless human completely off-guard!
You puncture the human!
The human is almost dead.
The human completely misses you.
You catch the helpless human completely off-guard!
You puncture the human!
You kill the human!
Your Spellcasting skill increases to level 3!
Unknown command.
You start resting.
Magic restored.
You start resting.
HP restored.
Search for what [? for help]? .
You open the door.
A water elemental comes into view.
The water elemental moves out of view.
The water elemental hits you!
The water elemental engulfs you in water!
There is an open door to the Ecumenical Temple, spattered with blood here.
You cannot cast spells while unable to breathe!
Sorry, you're not good enough to have a special ability.
You cannot cast spells while unable to breathe!
Unknown command.
You cannot read scrolls while unable to breathe!
Okay, then.
Okay, then.
You cannot read scrolls while unable to breathe!
You feel much better.
Your lungs strain for air!
The water elemental hits you!
Ouch! That really hurt!
* * * LOW HITPOINT WARNING * * *
You feel better.
Your lungs strain for air!
The water elemental misses you.
You feel yourself speed up.
You die...

▓▓▓▓▓▓▓▓▓▓▓▓ ▓▓▓
<.#..'.....♣♣ ♣.#
..#..#)...♣.♣ ♣♣.#
#'####....♣♣♣ ♣..#
.....#....~.♣ ♣♣.###+#+##
.....#...~~.♣ ♣.#E......
.....#..~~~~♣♣♣♣.@.⌠.....
####'#†.~≈≈~~~♣..#...####
)....#.~~≈~~~....#.⌠.#
.....#.~≈~~~.....#...#
.....#.~~~.......#+###
'#####...........#
.................#
▓▓▓▓▓▓▓▓▓▓▓▓▓▓▓▓▓▓


You could see a water elemental.

Vanquished Creatures
  Jessica (D)
  A human (D)
  A phantom (D)
  An endoplasm (D)
  A rat (D)
5 creatures vanquished.

Notes
Turn   | Place    | Note
-------+----------+-------------------------------------------
     0 | D        | zero the Spriggan Enchanter began the quest for the Orb.
     0 | D        | Reached XP level 1. HP: 9/9 MP: 5/5
    86 | D        | Noticed Jessica
   137 | D        | Killed Jessica
   138 | D        | Reached XP level 2. HP: 10/13 MP: 6/6
   138 | D        | Reached XP level 3. HP: 13/16 MP: 8/8
   194 | D        | Learned a level 2 spell: Ensorcelled Hibernation
   450 | D        | Learned a level 3 spell: Confusing Touch
   524 | D        | Noticed a water elemental
   528 | D        | Drowned by a water elemental

Illustrated notes

Levels and vault maps discovered:
D:        dungeon_sprint_mu [sprint_mu_entry_forest, sprint_mu_temple_rooms,
          sprint_mu_d1_horrors, sprint_mu_d2_genie, sprint_mu_d3_branching,
          sprint_mu_orc_legion, sprint_mu_elf_gauntlet, sprint_mu_hive_nellie,
          sprint_mu_lair_fedhas, sprint_mu_vaults_butterflies,
          sprint_mu_slime_circle, sprint_mu_swamp_cave, sprint_mu_snake_twists,
          sprint_mu_blade_basic, sprint_mu_crypt_lich, sprint_mu_tomb_spiral,
          sprint_mu_vestibule_basic, sprint_mu_gehenna_hellfire,
          sprint_mu_dis_giant, sprint_mu_tartarus_statrot,
          sprint_mu_cocytus_islands, sprint_mu_zot1]

Skill      XL: |  1  2  3 |
---------------+----------+-----
Dodging        | 6 |  6.5
Hexes          | 6 |  6.7
Spellcasting   | 3 |  3.0
Fighting       | |  0.7
Short Blades   | |  1.7
Stealth        | |  4.4
Ice Magic      | |  0.6

Action                     || total
---------------------------++-------
  Melee: Dagger            ||    25
   Cast: Confusing Touch   ||     1
         Ensorcelled Hiber ||     1
    Use: Potion            ||     4
         Scroll            ||     4
   Stab: Sleeping          ||     2
         Confused          ||     2
 Armour: Robe              ||     7
  Dodge: Dodged            ||    24

Table legend: (Time is in decaauts)
 A = Elapsed time spent in this place.
 B = Non-inter-level travel time spent in this place.
 C = Inter-level travel time spent in this place.
 D = Time resting spent in this place.
 E = Time spent auto-exploring this place.
 F = Levels seen in this place.
 G = Mean time per level.
                   A        B        C        D        E       F      G
               +--------+--------+--------+--------+--------+-----+--------+
         Total |    489 |    489 |      0 |    363 |      1 |   1 |  489.0 |
       Dungeon |    489 |    489 |      0 |    363 |      1 |   1 |  489.0 |
               +--------+--------+--------+--------+--------+-----+--------+

Top non-repeatable levels by time:
       D: 489 daAuts
